 Dungeon Crawl Stone Soup version 0.31.0-11-ge490571c62 (webtiles) character file.

Game seed: 5297970002763727792

9 dialectric the Sneak (level 2, 0/21 HPs)
             Began as an Octopode Delver on Jan 29, 2024.
             Succumbed to an adder's poison
             ... on level 5 of the Dungeon.
             The game lasted 00:00:10 (53 turns).

dialectric the Sneak (Octopode Delver)                Turns: 53, Time: 00:00:11

Health: 0/21       AC:  1    Str: 11    XL:     2   Next: 16%
Magic:  2/2        EV: 13    Int: 12    God:
Gold:   0          SH:  0    Dex: 13    Spells: 1/1 levels left

rFire   . . .        a - +0 short sword
rCold   . . .        (no shield)
rNeg    . . .        (helmet restricted)
rPois   .            (no amulet)
rElec   .            (no ring)
rCorr   .            (no ring)
SInv    .            (no ring)
Will    .....        (no ring)
Stlth   ++++         (no ring)
HPRegen 0.23/turn    (no ring)
MPRegen 0.08/turn    (no ring)
                     (no ring)

%: no passive effects
@: lethally poisoned (0 -> -2)
A: almost no armour, amphibious, 8 rings, camouflage 1, gelatinous body 1,
(nimble swimmer 1), tentacles
a: no special abilities


You were on level 5 of the Dungeon.
You visited 1 branch of the dungeon, and saw 1 of its levels.

Inventory:

Hand Weapons
 a - a +0 short sword (weapon)
Talismans
 g - a blade talisman
Wands
 f - a wand of digging (3)
Scrolls
 b - a scroll of fog
 c - a scroll of revelation
 d - a scroll of fear
Potions
 e - a potion of haste


   Skills:
 + Level 3.1 Fighting
 + Level 2.0 Short Blades
 + Level 2.0 Dodging
 + Level 7.1 Stealth


You had one spell level left.
You didn't know any spells.
Your spell library was empty.

Dungeon Overview and Level Annotations

Branches:
Dungeon (5/15)
 Temple: D:4-7

Altars:


Innate Abilities, Weirdness & Mutations

You cannot wear most types of armour.
You are amphibious.
You can wear up to eight rings at the same time.
Your skin changes colour to match your surroundings (Stealth+).
Your rubbery body absorbs attacks. (AC +1, EV +1)
((You are camouflaged when in or above water. (Stealth+)))
You have tentacles for arms and can constrict up to eight enemies at once.


Message History

The adder hisses angrily.
The adder bites you.
You are poisoned.
The adder poisons you! The adder bites you.
You hit the adder. Your grab misses the adder.
The adder is lightly wounded.
You feel sick. The adder bites you.
You hit the adder. You grab the adder.
The adder is moderately wounded.
You constrict the adder.
You feel sick. The adder bites you.
You are lethally poisoned!
The adder poisons you!
You are too injured to fight recklessly!
You are too injured to fight recklessly!
You are too injured to fight recklessly!
You are too injured to fight recklessly!
You are too injured to fight recklessly!
You are too injured to fight recklessly!
Unknown command.
You hit the adder. You tentacle-slap the adder.
The adder is almost dead.
You constrict the adder.
You kill the adder!
You feel sick.
Your Stealth skill increases to level 7!
You have reached level 2!
There is a lethal amount of poison in your body!
There is a lethal amount of poison in your body!
* * * LOW HITPOINT WARNING * * *
You feel sick.
There is a lethal amount of poison in your body!
* * * LOW HITPOINT WARNING * * *
You feel sick.
* * * LOW HITPOINT WARNING * * *
You feel sick.
* * * LOW HITPOINT WARNING * * *
You feel sick.
* * * LOW HITPOINT WARNING * * *
You feel sick.
You die...

# .. ##### ### .## #
##... #.. .. .###...##
#.###.#.. ......#
#.##... #.†.#
#.##.###.# #.#
##........# #@#
##.#.#.##..# #.#
##.###......# ##'##
#.## ##.##.####...##
##.###.###.###.....##
##.#..###.##.......#
####....##.#.........#
...........'.........+
####....####.........#


There were no monsters in sight!

Vanquished Creatures
  An adder (D:5)
1 creature vanquished.

Notes
Turn   | Place    | Note
-------+----------+-------------------------------------------
     0 | D:5      | dialectric the Octopode Delver began the quest for the Orb.
     0 | D:5      | Reached XP level 1. HP: 16/16 MP: 1/1
    48 | D:5      | Reached skill level 7 in Stealth
    48 | D:5      | Reached XP level 2. HP: 7/21 MP: 2/2
    52 | D:5      | HP: 1/21 [poisoned by an adder]
    53 | D:5      | Succumbed to an adder's poison

Illustrated notes

Levels and vault maps discovered:
D:5:      kennysheep_six_static_rooms, layout_loops_corners

Skill      XL: |  1 |
---------------+----+-----
Stealth        | 7 |  7.1
Fighting       | |  3.1
Short Blades   | |  2.0
Dodging        | |  2.0

Action                     || total
---------------------------++-------
  Melee: Short sword       ||     3
         Constrict         ||     1
         Punch             ||     1
 Armour: Skin              ||     4
